MLB
DETROIT TIGERS @ BALTIMORE ORIOLES
04/28/2018
 
TOP OF THE 1ST
Detroit Tigers batting - Pitching for Baltimore Orioles : LHP Carlos Rodon
Pitching: LHP Carlos Rodon
Batting: RHB Jean Segura 0-0: Called Strike
0-1: Ball
1-1: Ball
2-1: SINGLE (Flyball, 8RS)
Batting: RHB Starling Marte 0-0: Called Strike
0-1: Called Strike
0-2: Ball
1-2: Strikes out swinging
Batting: RHB George Springer 0-0: Ball
1-0: Ball
2-0: Ball
3-0: Called Strike
3-1: Foul Ball, location: 2F
3-2: Base on Balls
Jean Segura to second
Batting: RHB Khris Davis 0-0: Called Strike
Jean Segura steals 3rd base
0-1: Ball
1-1: 3-RUN HOME RUN (Flyball, 7D), Distance : 378 ft
Batting: RHB Mark Trumbo 0-0: Called Strike
0-1: Foul Ball, location: 2F
0-2: Ball
1-2: Foul Ball, location: 2F
1-2: Strikes out swinging
Batting: RHB J.T. Realmuto 0-0: Called Strike
0-1: Fly out, F7 (Flyball, 78D)
Top of the 1st over - 3 runs, 2 hits, 0 errors, 0 left on base; Detroit 3 - Baltimore 0
BOTTOM OF THE 1ST
Baltimore Orioles batting - Pitching for Detroit Tigers : RHP Jacob deGrom
Pitching: RHP Jacob deGrom
Batting: SHB Dexter Fowler 0-0: Ball
1-0: Called Strike
1-1: SINGLE (Flyball, 7S)
Batting: LHB Nomar Mazara 0-0: Called Strike
0-1: Ball
1-1: Foul Ball, location: 2F
1-2: Ball
2-2: Foul Ball, location: 2F
2-2: Fly out, F8 (Line Drive, 8RM)
Batting: LHB Rafael Devers 0-0: Called Strike
0-1: Ball
1-1: Ball
2-1: Foul Ball, location: 2F
2-2: Ball
3-2: SINGLE (Flyball, 78S)
Dexter Fowler to second
Batting: RHB Jose Abreu 0-0: Fielders Choice at 2nd, 1-4 (Groundball, 15)
Dexter Fowler to third
Batting: LHB Shohei Ohtani 0-0: Swinging Strike
0-1: Ball
1-1: Ball
2-1: Fly out, F4 (Flyball, 4MD)
Bottom of the 1st over - 0 runs, 2 hits, 0 errors, 2 left on base; Detroit 3 - Baltimore 0
TOP OF THE 2ND
Detroit Tigers batting - Pitching for Baltimore Orioles : LHP Carlos Rodon
Batting: RHB Jake Marisnick 0-0: Bunt - Flyout! F1
Batting: LHB Greg Garcia 0-0: Foul Ball, location: 2F
0-1: Ball
1-1: Called Strike
1-2: Ground out 4-3 (Groundball, 4)
Batting: RHB J.D. Davis 0-0: Called Strike
0-1: Foul Ball, location: 2F
0-2: Ball
1-2: Strikes out swinging
Top of the 2nd over - 0 runs, 0 hits, 0 errors, 0 left on base; Detroit 3 - Baltimore 0
BOTTOM OF THE 2ND
Baltimore Orioles batting - Pitching for Detroit Tigers : RHP Jacob deGrom
Batting: SHB Jorge Polanco 0-0: Ball
1-0: Swinging Strike
1-1: Ball
2-1: Ball
3-1: Ground out 4-3 (Groundball, 4)
Batting: RHB Albert Almora 0-0: Ball
1-0: Fly out, F8 (Line Drive, 8RM)
Batting: LHB Stephen Vogt 0-0: Ground out 6-3 (Groundball, 4M)
Bottom of the 2nd over - 0 runs, 0 hits, 0 errors, 0 left on base; Detroit 3 - Baltimore 0
TOP OF THE 3RD
Detroit Tigers batting - Pitching for Baltimore Orioles : LHP Carlos Rodon
Batting: RHB Jean Segura 0-0: Ball
1-0: Ground out 4-3 (Groundball, 4)
Batting: RHB Starling Marte 0-0: Called Strike
0-1: Ball
1-1: Ball
2-1: Ball
3-1: Base on Balls
Batting: RHB George Springer 0-0: Ball
1-0: Foul Ball, location: 2F
1-1: Foul Ball, location: 2F
1-2: Ball
Starling Marte steals 2nd base
2-2: Foul Ball, location: 2F
2-2: SINGLE (Flyball, 78M)
Starling Marte to third
Batting: RHB Khris Davis 0-0: Ball
1-0: Foul Ball, location: 2F
1-1: Ball
2-1: Foul Ball, location: 2F
2-2: Fly out, F6 (Line Drive, 6)
Batting: RHB Mark Trumbo 0-0: Called Strike
0-1: Swinging Strike
0-2: Ground out 1-3 (Groundball, 34S)
Top of the 3rd over - 0 runs, 1 hit, 0 errors, 2 left on base; Detroit 3 - Baltimore 0
BOTTOM OF THE 3RD
Baltimore Orioles batting - Pitching for Detroit Tigers : RHP Jacob deGrom
Batting: RHB Orlando Arcia 0-0: Ball
1-0: Foul Ball, location: 2F
1-1: Called Strike
1-2: Strikes out swinging
Batting: SHB Dexter Fowler 0-0: Ball
1-0: Ball
2-0: Called Strike
2-1: Ground out 5-3 (Groundball, 56)
Batting: LHB Nomar Mazara 0-0: Ball
1-0: Swinging Strike
1-1: Foul Ball, location: 2F
1-2: Strikes out looking
Bottom of the 3rd over - 0 runs, 0 hits, 0 errors, 0 left on base; Detroit 3 - Baltimore 0
TOP OF THE 4TH
Detroit Tigers batting - Pitching for Baltimore Orioles : LHP Carlos Rodon
Batting: RHB J.T. Realmuto 0-0: Called Strike
0-1: Ball
1-1: Called Strike
1-2: SINGLE (Groundball, 6MD)
Batting: RHB Jake Marisnick 0-0: Fly out, F8 (Flyball, 8RD)
Batting: LHB Greg Garcia 0-0: Called Strike
J.T. Realmuto steals 2nd base
0-1: Ball
1-1: Swinging Strike
1-2: Foul Ball, location: 2F
1-2: Foul Ball, location: 2F
1-2: Foul Ball, location: 2F
1-2: DOUBLE (Line Drive, 78M)
J.T. Realmuto scores
Batting: RHB J.D. Davis 0-0: Ball
Wild Pitch!
Greg Garcia to third
1-0: Called Strike
1-1: Swinging Strike
1-2: Ball
2-2: Foul Ball, location: 2F
2-2: Foul Ball, location: 2F
2-2: Foul Ball, location: 2F
2-2: Foul Ball, location: 2F
2-2: SINGLE (Groundball, 5D)
Greg Garcia scores
Batting: RHB Jean Segura 0-0: Swinging Strike
J.D. Davis is caught stealing 2nd base
0-1: Ball
1-1: SINGLE (Groundball, 6D)
Batting: RHB Starling Marte 0-0: Called Strike
0-1: Ball
Throwing error on steal attempt, E2
Jean Segura to third
1-1: Swinging Strike
1-2: Ball
2-2: Strikes out swinging
Top of the 4th over - 2 runs, 4 hits, 1 error, 1 left on base; Detroit 5 - Baltimore 0
BOTTOM OF THE 4TH
Baltimore Orioles batting - Pitching for Detroit Tigers : RHP Jacob deGrom
Batting: LHB Rafael Devers 0-0: Ground out U3 (Groundball, 34)
Batting: RHB Jose Abreu 0-0: Ball
1-0: Fly out, F8 (Flyball, 8LS)
Batting: LHB Shohei Ohtani 0-0: Ball
1-0: SINGLE (Groundball, 56S) (infield hit)
Batting: SHB Jorge Polanco 0-0: Foul Ball, location: 2F
0-1: Called Strike
0-2: Foul Ball, location: 2F
0-2: Ball
1-2: Strikes out swinging
Bottom of the 4th over - 0 runs, 1 hit, 0 errors, 1 left on base; Detroit 5 - Baltimore 0
TOP OF THE 5TH
Detroit Tigers batting - Pitching for Baltimore Orioles : LHP Carlos Rodon
Batting: RHB George Springer 0-0: SOLO HOME RUN (Flyball, 78XD), Distance : 422 ft
Batting: RHB Khris Davis 0-0: Ball
1-0: Called Strike
1-1: Ball
2-1: Foul Ball, location: 2F
2-2: Foul Ball, location: 2F
2-2: Strikes out swinging
Batting: RHB Mark Trumbo 0-0: Called Strike
0-1: Called Strike
0-2: Ball
1-2: Fly out, F7 (Flyball, 7S)
Batting: RHB J.T. Realmuto 0-0: Foul Ball, location: 2F
0-1: Ball
1-1: SINGLE (Line Drive, 89S)
Pitching: RHP Joe Jimenez
Batting: RHB Jake Marisnick 0-0: Ball
1-0: Fly out, F7 (Flyball, 7D)
Top of the 5th over - 1 run, 2 hits, 0 errors, 1 left on base; Detroit 6 - Baltimore 0
BOTTOM OF THE 5TH
Baltimore Orioles batting - Pitching for Detroit Tigers : RHP Jacob deGrom
Batting: RHB Albert Almora 0-0: Called Strike
0-1: SINGLE (Groundball, 4MD)
Batting: LHB Stephen Vogt 0-0: Ball
1-0: Grounds into double play, 6-5-3 (Groundball, 4)
Batting: RHB Orlando Arcia 0-0: Ground out 5-3 (Groundball, 5S)
Bottom of the 5th over - 0 runs, 1 hit, 0 errors, 0 left on base; Detroit 6 - Baltimore 0
TOP OF THE 6TH
Detroit Tigers batting - Pitching for Baltimore Orioles : RHP Joe Jimenez
Batting: LHB Greg Garcia 0-0: Ball
1-0: Ball
2-0: Ball
3-0: Called Strike
3-1: Base on Balls
Batting: RHB J.D. Davis 0-0: Called Strike
0-1: 2-RUN HOME RUN (Flyball, 7D), Distance : 384 ft
Batting: RHB Jean Segura 0-0: Ball
1-0: Ground out 6-3 (Groundball, 6)
Batting: RHB Starling Marte 0-0: Swinging Strike
0-1: Foul Ball, location: 2F
0-2: Ball
1-2: Ball
2-2: Ball
3-2: Foul Ball, location: 2F
3-2: Fly out, F8 (Line Drive, 8RD)
Batting: RHB George Springer 0-0: Ball
1-0: Called Strike
1-1: DOUBLE (Line Drive, 78D)
Batting: RHB Khris Davis 0-0: Ground out 4-3 (Groundball, 4)
Top of the 6th over - 2 runs, 2 hits, 0 errors, 1 left on base; Detroit 8 - Baltimore 0
BOTTOM OF THE 6TH
Baltimore Orioles batting - Pitching for Detroit Tigers : RHP Jacob deGrom
Batting: SHB Dexter Fowler 0-0: Ball
1-0: Called Strike
1-1: Ball
2-1: SOLO HOME RUN (Flyball, 89XD), Distance : 429 ft
Batting: LHB Nomar Mazara 0-0: Called Strike
0-1: Ball
1-1: Foul Ball, location: 2F
1-2: SINGLE (Line Drive, 4MD)
Batting: LHB Rafael Devers 0-0: Called Strike
0-1: Ball
1-1: Ball
2-1: Ball
3-1: DOUBLE (Line Drive, 7LM)
Nomar Mazara to third
Batting: RHB Jose Abreu 0-0: Foul Ball, location: 2F
0-1: Foul Ball, location: 2F
0-2: Strikes out looking
Batting: LHB Shohei Ohtani 0-0: Ball
1-0: Ball
2-0: Foul Ball, location: 2F
2-1: Ball
3-1: SINGLE (Line Drive, 78M)
Nomar Mazara scores
Rafael Devers to third
Batting: SHB Jorge Polanco 0-0: Called Strike
0-1: Foul Ball, location: 2F
0-2: Foul Ball, location: 2F
0-2: SINGLE (Line Drive, 34)
Rafael Devers scores
Shohei Ohtani to second
Pitching: RHP A.J. Schugel
Batting: RHB Albert Almora 0-0: Called Strike
0-1: Grounds into double play, 6-4-3 (Groundball, 6M)
Bottom of the 6th over - 3 runs, 5 hits, 0 errors, 1 left on base; Detroit 8 - Baltimore 3
TOP OF THE 7TH
Detroit Tigers batting - Pitching for Baltimore Orioles : RHP Joe Jimenez
Batting: RHB Mark Trumbo 0-0: Called Strike
0-1: Foul Ball, location: 2F
0-2: Ball
1-2: Ball
2-2: Strikes out swinging
Batting: RHB J.T. Realmuto 0-0: Swinging Strike
0-1: Called Strike
0-2: Foul Ball, location: 2F
0-2: Foul Ball, location: 2F
0-2: Foul Ball, location: 2F
0-2: Ball
1-2: Strikes out swinging
Batting: RHB Jake Marisnick 0-0: Foul Ball, location: 2F
0-1: SINGLE (Line Drive, 9S)
Pitching: RHP Pedro Strop
Batting: LHB Greg Garcia 0-0: Called Strike
0-1: Called Strike
0-2: Ball
1-2: Ball
2-2: SINGLE (Groundball, 34D)
Jake Marisnick to second
Jake Marisnick to third
Batting: RHB J.D. Davis 0-0: Ball
1-0: Swinging Strike
1-1: Foul Ball, location: 2F
1-2: Foul Ball, location: 2F
1-2: Strikes out looking
Top of the 7th over - 0 runs, 2 hits, 0 errors, 2 left on base; Detroit 8 - Baltimore 3
BOTTOM OF THE 7TH
Baltimore Orioles batting - Pitching for Detroit Tigers : RHP A.J. Schugel
Batting: LHB Stephen Vogt 0-0: Ball
1-0: Fly out, F8 (Flyball, 89D)
Batting: RHB Orlando Arcia 0-0: Ground out 1-3 (Groundball, P)
Batting: SHB Dexter Fowler 0-0: Foul Ball, location: 2F
0-1: Foul Ball, location: 2F
0-2: Ball
1-2: Fly out, F3 (Flyball, 34D)
Bottom of the 7th over - 0 runs, 0 hits, 0 errors, 0 left on base; Detroit 8 - Baltimore 3
TOP OF THE 8TH
Detroit Tigers batting - Pitching for Baltimore Orioles : RHP Pedro Strop
Batting: RHB Jean Segura 0-0: Ball
1-0: Called Strike
1-1: Ball
2-1: Fly out, F3 (Popup, 3SF)
Batting: RHB Starling Marte 0-0: Called Strike
0-1: Fly out, F9 (Line Drive, 9D)
Batting: RHB George Springer 0-0: Ball
1-0: Fly out, F7 (Flyball, 7)
Top of the 8th over - 0 runs, 0 hits, 0 errors, 0 left on base; Detroit 8 - Baltimore 3
BOTTOM OF THE 8TH
Baltimore Orioles batting - Pitching for Detroit Tigers : RHP A.J. Schugel
Batting: LHB Nomar Mazara 0-0: DOUBLE (Groundball, 3L)
Batting: LHB Rafael Devers 0-0: Swinging Strike
0-1: Ball
1-1: Swinging Strike
1-2: Fly out, F5 (Line Drive, 5)
Batting: RHB Jose Abreu 0-0: Swinging Strike
0-1: Swinging Strike
0-2: Ball
1-2: Fly out, F7 (Flyball, 7)
Batting: LHB Shohei Ohtani 0-0: Called Strike
0-1: Ball
1-1: Ground out 6-3 (Groundball, 6)
Bottom of the 8th over - 0 runs, 1 hit, 0 errors, 1 left on base; Detroit 8 - Baltimore 3
TOP OF THE 9TH
Detroit Tigers batting - Pitching for Baltimore Orioles : RHP Pedro Strop
Batting: RHB Khris Davis 0-0: Ball
1-0: Ball
2-0: Called Strike
2-1: Swinging Strike
2-2: Strikes out swinging
Batting: RHB Mark Trumbo 0-0: Ball
1-0: Called Strike
1-1: Swinging Strike
1-2: Strikes out swinging, 2-3 out at first.
Batting: RHB J.T. Realmuto 0-0: Ball
1-0: Fly out, F7 (Flyball, 78S)
Top of the 9th over - 0 runs, 0 hits, 0 errors, 0 left on base; Detroit 8 - Baltimore 3
BOTTOM OF THE 9TH
Baltimore Orioles batting - Pitching for Detroit Tigers : RHP A.J. Schugel
Now at C: Elias Diaz
Batting: SHB Jorge Polanco 0-0: SINGLE (Groundball, 34D)
Pitching: LHP Will Smith
Batting: RHB Albert Almora 0-0: Grounds into double play, 4-6-3 (Groundball, 34)
Batting: LHB Stephen Vogt 0-0: DOUBLE (Flyball, 8RXD)
Batting: RHB Orlando Arcia 0-0: Called Strike
0-1: Ball
1-1: Foul Ball, location: 2F
1-2: Ball
2-2: Strikes out swinging
Bottom of the 9th over - 0 runs, 2 hits, 0 errors, 1 left on base; Detroit 8 - Baltimore 3
Tuesday, June 19th, 2018 - OOTP Baseball 19.6 Build 53